Map: 黃金之柱 - 天梯版

Players

Naxin

  • Race: Terran Terran
  • Spawn Location: 1:00

Yoger - Winner!

  • Race: Zerg Zerg
  • League: Master
  • Spawn Location: 7:00

Event: DreamHack SC2 Masters 2020 Winter

VOD

Have the link to the VOD?

Description

Time

  • Played on: Oct. 15, 2020, 8:26 a.m.
  • Length: 9:56

All games in this series

Show
View Real Time Build Order
Export as new Build Order

Naxin Terran 

Build Orders: Hellion Banshee 

Get SALT Encoding   

  12  0:00  SCV  
  13  0:12  SCV  
  14  0:18  Supply Depot  
  14  0:24  SCV  
  15  0:39  SCV  
  15  0:41  Barracks  
  16  0:46  Refinery  
  16  0:51  SCV  
  17  1:03  SCV  
  18  1:15  SCV  
  19  1:28  Orbital Command, Marine  
  20  1:42  Command Center  
  20  1:46  Marine  
  21  1:56  Factory  
  21  2:00  SCV  
  22  2:05  Barracks Reactor  
  22  2:10  Supply Depot  
  22  2:13  SCV  
  23  2:20  Refinery  
  23  2:31  SCV  
  24  2:42  Starport  
  24  2:46  SCV  
  24  2:50  Hellion x2, Marine  
  30  2:55  Orbital Command  
  30  3:08  Marine  
  30  3:12  Hellion x2  
  35  3:23  Armory  
  35  3:24  Medivac  
  37  3:29  Marine  
  38  3:35  Hellion  
  38  3:36  Hellion  
  42  3:48  Supply Depot, Barracks Tech Lab  
  42  3:56  Hellion  
  42  3:57  Hellion  
  46  4:05  Supply Depot  
  46  4:09  SCV x2  
  48  4:17  Hellion  
  48  4:19  Hellion  
  52  4:26  Banshee  
  52  4:31  SCV x2  
  50  4:43  SCV  
  46  4:53  SCV  
  46  4:55  SCV  
  37  5:03  Command Center  
  37  5:05  SCV  
  38  5:07  SCV, Barracks Tech Lab  
  42  5:19  Barracks  
  42  5:20  Barracks  
  39  5:24  SCV  
  39  5:25  Starport Reactor, Marine  
  39  5:26  Stimpack, Siege Tank  
  44  5:36  SCV x2  
  44  5:37  Engineering Bay  
  44  5:38  Barracks  
  44  5:42  Refinery, Barracks  
  46  5:45  Marine  
  46  5:48  SCV x2, Supply Depot  
  49  5:50  Supply Depot  
  49  6:00  SCV, Siege Tank  
  49  6:03  Marine  
  54  6:04  Terran Infantry Weapons Level 1  
  54  6:07  Starport Reactor, Marine x2  
  54  6:10  SCV  
  57  6:12  SCV  
  57  6:14  Supply Depot  
  57  6:17  Marine  
  59  6:22  SCV  
  59  6:24  SCV  
  59  6:25  Marine x3  
  64  6:29  Marine x2  
  64  6:31  Marine  
  67  6:34  Marine  
  67  6:36  Supply Depot  
  67  6:38  Siege Tank  
  71  6:42  Marine  
  71  6:44  Marine  
  71  6:46  Supply Depot  
  73  6:48  Medivac  
  73  6:50  Medivac  
  77  6:54  Marine x2  
  77  6:56  Marine  
  80  7:02  Marine  
  80  7:05  Supply Depot  
  80  7:06  Marine  
  80  7:07  Combat Shield  
  82  7:10  Marine, Siege Tank  
  87  7:16  Marine  
  87  7:20  Supply Depot  
  87  7:21  Marine x2  
  89  7:22  Medivac  
  89  7:23  Medivac  
  89  7:24  Marine  
  89  7:25  Marine  
  89  7:27  Marine  
  96  7:30  Marine  
  96  7:34  Marine  
  96  7:36  Supply Depot  
  98  7:39  Marine  
  98  7:41  Marine  
  98  7:42  Marine  
  98  7:43  Marine  
  102  7:46  Supply Depot  
  102  7:49  Marine x2  
  104  7:53  Siege Tank  
  104  7:54  Marine  
  104  7:56  Marine  
  107  8:00  Marine x2  
  107  8:05  Liberator  
  112  8:11  Supply Depot, Marine  
  113  8:21  Marine  
  113  8:23  Marine  
  113  8:24  Marine  
  116  8:28  Siege Tank  
  116  8:29  Marine  
  116  8:30  Marine  
  116  8:33  Medivac  
  123  8:39  Marine  
  121  8:44  Marine  
  121  8:45  Marine  
  121  8:48  Supply Depot  
  122  8:49  Marine  
  122  8:54  Refinery  
  122  8:58  Supply Depot  
  122  9:00  Siege Tank  
  122  9:01  Marine  
  126  9:09  Marine  
  127  9:15  Marine  
  126  9:17  Marine x2  
  126  9:23  Marine x2  
  130  9:25  Marine  
  130  9:27  Marine  
  111  9:37  Marine x2  
Show
View Real Time Build Order
Export as new Build Order

Yoger Zerg - Winner!

Build Orders: Hatch First 

Get SALT Encoding   

  12  0:00  Drone  
  13  0:14  Overlord  
  13  0:17  Drone  
  14  0:33  Drone x2  
  16  0:51  Hatchery  
  16  0:53  Drone  
  16  0:57  Drone  
  16  1:02  Drone  
  18  1:10  Extractor  
  17  1:18  Spawning Pool  
  16  1:21  Drone  
  16  1:24  Drone  
  18  1:30  Drone  
  19  1:42  Drone  
  20  1:51  Overlord  
  20  2:04  Queen  
  20  2:05  Zergling x2, Queen  
  20  2:06  Zergling x2  
  26  2:16  Drone  
  26  2:17  Metabolic Boost  
  27  2:34  Hatchery  
  27  2:37  Drone  
  27  2:40  Drone  
  27  2:43  Drone  
  29  2:46  Drone  
  29  2:49  Drone  
  31  2:53  Drone  
  31  2:56  Overlord  
  32  2:59  Drone  
  32  3:03  Drone  
  34  3:08  Queen  
  36  3:15  Drone x2  
  36  3:19  Drone x2  
  40  3:23  Overlord  
  40  3:25  Drone  
  41  3:29  Zergling x2  
  41  3:35  Zergling x2  
  41  3:36  Zergling x2  
  43  3:45  Queen  
  45  3:49  Queen  
  45  3:50  Zergling x2, Roach Warren  
  45  3:51  Zergling x2  
  45  3:55  Overlord  
  48  3:59  Queen  
  50  4:08  Overlord  
  49  4:14  Zergling x6  
  49  4:15  Zergling x8  
  56  4:29  Queen  
  51  4:45  Roach x5  
  56  4:53  Overlord  
  56  5:05  Overlord  
  57  5:07  Drone x2  
  57  5:13  Drone x8  
  66  5:23  Overlord x2  
  66  5:24  Drone  
  66  5:25  Drone x4  
  70  5:29  Lair  
  70  5:33  Drone  
  70  5:38  Drone  
  70  5:39  Drone  
  70  5:40  Overlord  
  70  5:41  Drone x2  
  70  5:42  Spore Crawler  
  73  5:43  Spore Crawler, Drone  
  73  5:44  Drone x2  
  73  5:46  Spore Crawler  
  73  5:47  Drone  
  73  5:49  Extractor  
  74  5:52  Baneling Nest  
  74  5:53  Drone x3  
  76  5:58  Extractor  
  76  5:59  Drone x2  
  76  6:02  Drone x2  
  79  6:12  Hatchery  
  79  6:16  Drone x3  
  79  6:17  Drone, Extractor  
  81  6:19  Drone x2  
  81  6:25  Drone x2  
  85  6:26  Evolution Chamber x2  
  85  6:28  Drone x5, Extractor  
  85  6:29  Extractor  
  86  6:34  Drone  
  86  6:35  Centrifical Hooks  
  86  6:38  Overseer  
  86  6:39  Evolution Chamber  
  86  6:40  Evolution Chamber  
  86  6:45  Drone  
  86  6:46  Drone x4  
  90  6:50  Drone  
  90  6:51  Spire  
  90  6:58  Overlord  
  90  6:59  Overlord  
  90  7:02  Zergling x12  
  96  7:14  Overlord x2  
  96  7:16  Hatchery  
  96  7:18  Zerg Ground Armor Level 1  
  95  7:24  Zergling x12  
  95  7:28  Baneling  
  95  7:29  Baneling x7  
  102  7:30  Ravager x3  
  102  7:31  Ravager  
  109  7:37  Zergling x6, Roach x2  
  109  7:39  Baneling x4  
  112  7:44  Roach  
  112  7:45  Zergling x4, Roach  
  112  7:47  Baneling  
  112  7:48  Baneling x3  
  118  7:56  Zergling x14  
  120  8:04  Zergling x8  
  124  8:13  Zergling x2  
  124  8:14  Zergling x6  
  124  8:16  Overlord x3  
  125  8:27  Overlord x2  
  122  8:39  Zergling x22  
  122  8:41  Baneling x10  
  130  8:44  Queen  
  131  8:52  Zergling x2, Roach x2  
  131  8:53  Zergling x12  
  142  9:02  Baneling x5  
  142  9:04  Ravager  
  142  9:05  Ravager x4  
  142  9:06  Zergling x4  
  142  9:07  Zergling x4  
  142  9:08  Zergling x2  
  149  9:23  Zergling x20  
  145  9:33  Zergling x14  
Tags
 
Add a new tag
Caveats
  • Supply blocks, unpowered buildings, or Contaminate may cause inaccurate times.
  • Supply counts are checked every 10 seconds.